 Dungeon Crawl Stone Soup version 0.28-a0-1038-g9c4cb8273d (webtiles) character file.

Game seed: 2195001628827630822

30 garbled the Sneak (level 3, -1/19 HPs)
             Began as a Vine Stalker Brigand on Dec 8, 2021.
             Succumbed to an adder's poison
             ... on level 2 of the Dungeon.
             The game lasted 00:01:51 (1061 turns).

garbled the Sneak (Vine Stalker Brigand)            Turns: 1061, Time: 00:01:53

Health: -1/19      AC:  3    Str: 13    XL:     3   Next: 20%
Magic:  2/5        EV: 12    Int: 11    God:
Gold:   29         SH:  0    Dex: 15    Spells: 4/4 levels left

rFire   . . .      SeeInvis .   a - +2 dagger
rCold   . . .      Faith    .   (no shield)
rNeg    . . .      Spirit   +   b - +0 robe
rPois   .          Reflect  .   (no helmet)
rElec   .          Harm     .   c - +0 cloak
rCorr   .          Rampage  .   (no gloves)
Will    .....                   (no boots)
Stlth   +++.......              f - amulet of magic regeneration
HPRegen 0.06/turn               (no ring)
MPRegen 0.49/turn               (no ring)

@: lethally poisoned (-1 -> -6)
A: fangs 2, magic shield, antimagic bite, no potion heal 2, clumsy 1, robust 1
a: no special abilities


You were on level 2 of the Dungeon.
You visited 1 branch of the dungeon, and saw 2 of its levels.

You collected 29 gold pieces.

Inventory:

Hand Weapons
 a - a +2 dagger (weapon)
Missiles
 d - 15 poisoned darts (quivered)
 e - 2 curare-tipped darts
Armour
 b - a +0 robe (worn)
 c - a +0 cloak (worn)
Jewellery
 f - an amulet of magic regeneration (around neck)
Scrolls
 g - 2 scrolls of identify {unknown}
 i - a scroll of fog {unknown}
Potions
 j - a potion of mutation


   Skills:
 + Level 2.0 Fighting
 * Level 2.3 Short Blades
 - Level 1.7 Throwing
 * Level 1.4 Dodging
 - Level 4.8 Stealth
 + Level 1.0 Spellcasting


You had 4 spell levels left.
You didn't know any spells.
Your spell library was empty.

Dungeon Overview and Level Annotations

Branches:
Dungeon (2/15)

Altars:


Innate Abilities, Weirdness & Mutations

You have extremely sharp teeth.
When hurt, damage is shared between your health and your magic reserves.
Your bite disrupts and absorbs the magic of your enemies.
Potions cannot restore your health.
You are clumsy. (Dex -2)
You are robust. (+10% HP)


Message History

You hit the dart slug.
The dart slug is moderately wounded.
The dart slug launches a dart at you. The slug dart hits you.
You hit the dart slug. You bite the dart slug. You drain its power.
You feel invigorated.
The dart slug is almost dead.
You hit the dart slug.
You kill the dart slug!
The adder bites you.
You are poisoned.
The adder poisons you! The adder bites you.
You hit the adder but do no damage. Your bite misses the adder.
You feel sick. The adder closely misses you.
You are too injured to fight recklessly!
Unknown command.
You feel sick.
You feel sick.
You feel sick. The adder barely misses you.
You closely miss the adder. Your bite misses the adder.
You feel sick. The adder bites you.
* * * LOW HITPOINT WARNING * * *
You are lethally poisoned!
The adder poisons you!
You hit the adder.
The adder is moderately wounded.
* * * LOW HITPOINT WARNING * * *
You feel sick. The adder barely misses you.
You completely miss the adder. Your bite misses the adder.
The adder is moderately wounded.
* * * LOW HITPOINT WARNING * * *
You feel sick. The adder bites you.
* * * LOW HITPOINT WARNING * * *
It was a potion of curing.
Your system rejects the healing.
You feel better. The adder bites you.
You are lethally poisoned!
The adder poisons you!
It was a potion of mutation.
You feel extremely strange.
You feel clumsy.
You feel robust.
You die...

#.# .....#### #.###
#+#........ #...#
#.#....?... ###.#
#####.......... # #.#
.......†....... # #.#
### ####......... #
#.####.# #.......##### #
#......# #.##.S..#
########.# #.##.@..####
...###...###'##.........
.#.....#...†...<........
#.#.#.#.##..............
.⌠.###.⌠.##.......>.....
#.#.#.#.####............
.#.#.###.#.#....#+....##
###.⌠.###.8.#...#+....#
.#.#.#.###.#...........


You could see an adder.

Vanquished Creatures
  2 dart slugs
  3 endoplasms (D:1)
  2 giant cockroaches (D:1)
  3 goblins (D:1)
  3 hobgoblins (D:1)
  3 quokkas
  2 ball pythons
  2 frilled lizards (D:1)
  A kobold (D:1)
  3 rats
24 creatures vanquished.

Vanquished Creatures (others)
  A fungus (D:2)
  4 plants
5 creatures vanquished.

Grand Total: 29 creatures vanquished

Notes
Turn   | Place    | Note
-------+----------+-------------------------------------------
     0 | D:1      | garbled the Vine Stalker Brigand began the quest for the
                  | Orb.
     0 | D:1      | Reached XP level 1. HP: 11/11 MP: 2/2
    81 | D:1      | Reached skill level 1 in Dodging
   186 | D:1      | Reached XP level 2. HP: 15/15 MP: 3/3
   477 | D:1      | Reached XP level 3. HP: 4/18 MP: 5/5
   768 | D:1      | Reached skill level 1 in Spellcasting
  1061 | D:2      | Gained mutation: You are clumsy. (Dex -2) [potion of
                  | mutation]
  1061 | D:2      | Gained mutation: You are robust. (+10% HP) [potion of
                  | mutation]
  1061 | D:2      | Succumbed to an adder's poison

Illustrated notes

Levels and vault maps discovered:
D:1:      lightli_arrival_statuegarden, layout_rooms
D:2:      layout_basic, shapermc_ecumenical_altar_rom_forum,
          grunt_decor_mini_mirrors

Skill      XL: |  1  2  3 |
---------------+----------+-----
Dodging        | 1 |  1.4
Short Blades   | 2 |  2.3
Fighting       | 2 |  2.0
Spellcasting   | 1 |  1.0
Throwing       | |  1.7
Stealth        | |  4.8

Action                   || total
-------------------------++-------
Melee: Dagger            ||    82
       Bite              ||    13
  Use: Potion            ||     2
 Stab: Sleeping          ||     2
Armor: Robe              ||    17
Dodge: Dodged            ||    49

Table legend: (Time is in decaauts)
 A = Elapsed time spent in this place.
 B = Non-inter-level travel time spent in this place.
 C = Inter-level travel time spent in this place.
 D = Time resting spent in this place.
 E = Time spent auto-exploring this place.
 F = Levels seen in this place.
 G = Mean time per level.
                   A        B        C        D        E       F      G
               +--------+--------+--------+--------+--------+-----+--------+
         Total |   1052 |   1024 |     28 |    217 |    620 |   2 |  526.0 |
       Dungeon |   1052 |   1024 |     28 |    217 |    620 |   2 |  526.0 |
               +--------+--------+--------+--------+--------+-----+--------+

Top non-repeatable levels by time:
     D:1: 870 daAuts
     D:2: 182 daAuts
